WCHLSIM.com - West Coast Hockey League
html PUBLIC "-//W3C//DTD XHTML 1.0 Transitional//EN" "http://www.w3.org/TR/xhtml1/DTD/xhtml1-transitional.dtd"> WCHL - Game 617 - SALEM BLACK JAYS vs NORTH DAKOTA HAWKS

SALEM BLACK JAYS vs NORTH DAKOTA HAWKS

Created - 16 janvier 2023 at 07:32

Goals
1 2 3 T
SALEM BLACK JAYS 0 0 0 0
NORTH DAKOTA HAWKS 3 0 0 3
Shots
1 2 3 T
SALEM BLACK JAYS 6 7 4 17
NORTH DAKOTA HAWKS 17 4 2 23

1st period

1. NORTH DAKOTA HAWKS , Jason Robertson 18 (Patrick Kane 17, Nazem Kadri 24) at 2:00
2. NORTH DAKOTA HAWKS , Reyley Smith 11 (Nic Dowd 4, Nick Holden 7) at 15:00
3. NORTH DAKOTA HAWKS , Alex Killorn 13 (Nick Suzuki 15, Cale Makar 30) at 15:39 (PP)

Penalties :
Michael Del Zotto (SAL) for Hooking (Minor) at 3:27, Erik Johnson (NDH) for Hooking (Minor) at 5:51, Joshua Morrissey (SAL) for Hooking (Minor) at 15:25, Jason Robertson (NDH) for Tripping (Minor) at 17:30

2nd period

No Goal

Penalties :
No Penalty

3rd period

No Goal

Penalties :
Patrick Kane (NDH) for Cross-checking (Minor) at 3:53, Scott Mayfield (SAL) for Hooking (Minor) at 8:15

Goalie Stats

Juuse Saros (SAL), 20 saves from 23 shots - (0,870), L, 14-11-3, 60:00 minutes
Carter Hart (NDH), 17 saves from 17 shots - (1,000), W, 17-6-1, 60:00 minutes

Players Stats for SALEM BLACK JAYS

Player Name              G  A  P  +/- PIM S  H  SB GA TA FO     MP     PP MP  PK MP  
------------------------------------------------------------------------------------
Brian Boyle              0  0  0   0  0   0  1  0  0  0  3/6    15:31   0:00   2:31 
Cody Ceci                0  0  0  -1  0   0  4  2  0  0  0/0    22:49   2:27   2:19 
Daniel Sprong            0  0  0   0  0   2  0  0  0  0  0/0    13:03   0:00   0:12 
Dylan Cozens             0  0  0  -2  0   0  0  0  0  0  7/9     9:16   0:00   0:00 
Evgeny Dadonov           0  0  0   0  0   4  0  0  0  0  0/0    18:45   2:32   1:29 
Filip Chytil             0  0  0  -2  0   0  1  0  0  0  0/0     9:16   0:00   0:00 
Joshua Morrissey         0  0  0  -1  2   0  2  0  0  0  0/0    20:01   0:48   2:05 
Martin Necas             0  0  0   0  0   1  1  0  0  0  1/2    17:27   2:26   2:10 
Mathew Barzal            0  0  0   0  0   1  1  0  0  0  7/21   18:09   3:25   0:00 
Matt Benning             0  0  0  -2  0   0  0  0  0  0  0/0     9:51   0:00   0:35 
Michael Del Zotto        0  0  0   0  2   0  5  2  0  0  0/0    17:39   2:27   0:34 
Mikko Rantanen           0  0  0   0  0   5  0  0  0  0  0/1    18:09   3:25   0:00 
Mitchell Marner          0  0  0   0  0   2  0  0  0  0  0/1    16:15   2:32   0:43 
Nick Jensen              0  0  0  -1  0   0  1  2  0  0  0/0    22:06   3:30   1:27 
Scott Mayfield           0  0  0  -1  2   0  2  0  0  0  0/0    22:08   2:42   1:24 
Theodor Blueger          0  0  0   0  0   1  0  0  0  0  5/8    15:43   1:33   1:19 
Troy Terry               0  0  0   0  0   1  1  0  0  0  1/13   14:58   1:58   0:00 
Urho Vaakanainen         0  0  0   0  0   0  1  0  0  0  0/0    14:39   0:00   0:00 

Players Stats for NORTH DAKOTA HAWKS

Player Name              G  A  P  +/- PIM S  H  SB GA TA FO     MP     PP MP  PK MP  
------------------------------------------------------------------------------------
Alex Killorn             1  0  1   0  0   3  0  0  0  0  1/1    16:50   1:50   0:00 
Cale Makar               0  1  1   1  0   1  0  0  0  0  0/0    21:13   2:34   0:16 
Dillon Dube              0  0  0   0  0   0  0  0  0  0  0/1     8:56   0:00   2:37 
Erik Johnson             0  0  0   1  2   0  1  2  0  0  0/0    16:13   0:00   2:30 
Frank Vatrano            0  0  0   0  0   3  0  0  0  0  0/0     7:47   0:00   1:28 
Jake DeBrusk             0  0  0   1  0   3  0  0  0  0  1/2    16:59   1:38   3:08 
Jason Robertson          1  0  1   1  2   2  3  0  0  0  0/1    18:40   2:22   0:00 
Jordan Kyrou             0  0  0   0  0   2  1  0  0  0  0/0    17:38   1:50   0:48 
Justin Danforth          0  0  0   0  0   0  0  0  0  0  2/5     6:19   0:00   0:00 
Marc Staal               0  0  0   0  0   0  1  0  0  0  0/0    20:01   0:00   2:17 
Mathew Dumba             0  0  0   0  0   1  0  0  0  0  0/0    21:49   1:38   2:27 
Nazem Kadri              0  1  1   1  0   4  1  0  0  0  18/24  19:04   2:22   0:23 
Nic Dowd                 0  1  1   1  0   0  2  0  0  0  8/14   15:20   0:00   3:07 
Nick Holden              0  1  1   1  0   0  1  2  0  0  0/0    17:14   0:00   3:30 
Nick Suzuki              0  1  1   0  0   1  0  0  0  0  7/13   16:50   1:50   0:00 
Patrick Kane             0  1  1   1  2   0  1  0  0  0  0/0    18:40   2:22   0:00 
Reyley Smith             1  0  1   1  0   3  0  0  0  0  0/0    15:10   2:34   0:23 
Ryan Lindgren            0  0  0   1  0   0  3  2  0  0  0/0    19:17   0:00   0:54 

3 Stars

1 - Carter Hart (NDH)
2 - Reyley Smith (NDH)
3 - Jason Robertson (NDH)

Power Play

SALEM BLACK JAYS - 0 on 3 Attempt(s) - 0,00%
NORTH DAKOTA HAWKS - 1 on 3 Attempt(s) - 33,33%

Penalty Kill

SALEM BLACK JAYS - 2 on 3 Attempt(s) - 66,67% - Score 0 goal in Penalty Kill
NORTH DAKOTA HAWKS - 3 on 3 Attempt(s) - 100,00% - Score 0 goal in Penalty Kill

Team Stat

SALEM BLACK JAYS - Hits : 20 - Faceoff Wins : 24 - Blocked Shots : 6 - Penalty Minutes : 6
NORTH DAKOTA HAWKS - Hits : 14 - Faceoff Wins : 37 - Blocked Shots : 6 - Penalty Minutes : 6

Official

Referees : Andrew Howard and Francois St-Laurent
Linesman : Steven Walsh and Jaime Alary

Game Notes

No Game Note

Finance

Level 1 -- Attendance: 5126 (85,43%) -- Ticket Income 871 420 $
Level 2 -- Attendance: 5000 (100,00%) -- Ticket Income 550 000 $
Level 3 -- Attendance: 1740 (87,00%) -- Ticket Income 156 600 $
Level 4 -- Attendance: 4000 (100,00%) -- Ticket Income 240 000 $
Luxury Box -- Attendance: 909 (90,90%) -- Ticket Income 268 155 $
Total Attendance: 16775 (93,19%)
Total Ticket Income: 2 086 175 $
Other Expense: 20 862 $
Total Income: 2 065 313 $

SALEM BLACK JAYS

5 vs 5 Forward 
   Center                   Left Wing                Right Wing               Time % Phy DF OF 
 1 Mathew Barzal            Evgeny Dadonov           Mikko Rantanen           33     1   1  3  
 2 Troy Terry               Brian Boyle              Mitchell Marner          32     1   1  3  
 3 Theodor Blueger          Daniel Sprong            Martin Necas             25     1   2  2  
 4 Dylan Cozens             Matt Benning             Filip Chytil             10     1   2  2  

5 vs 5 Defense 
   Defense                  Defense                                           Time % Phy DF OF 
 1 Joshua Morrissey         Nick Jensen                                       36     1   2  2  
 2 Scott Mayfield           Cody Ceci                                         31     1   2  2  
 3 Urho Vaakanainen         Michael Del Zotto                                 23     1   3  1  
 4 Joshua Morrissey         Nick Jensen                                       10     1   1  3  

PowerPlay Forward 
   Center                   Left Wing                Right Wing               Time % Phy DF OF 
 1 Mathew Barzal            Mikko Rantanen           Troy Terry               55     1   0  4  
 2 Martin Necas             Evgeny Dadonov           Mitchell Marner          45     1   0  4  

PowerPlay Defense
   Defense                  Defense                                           Time % Phy DF OF 
 1 Nick Jensen              Scott Mayfield                                    55     1   1  3  
 2 Michael Del Zotto        Cody Ceci                                         45     1   1  3  

Penalty Kill 4 Players Forward 
   Center                   Wing                     Time % Phy DF OF 
 1 Brian Boyle              Martin Necas             55     1   4  0  
 2 Theodor Blueger          Evgeny Dadonov           45     1   4  0  

Penalty Kill 4 Players Defense
   Defense                  Defense                  Time % Phy DF OF 
 1 Cody Ceci                Nick Jensen              55     1   4  0  
 2 Scott Mayfield           Michael Del Zotto        45     1   4  0  

Penalty Kill - 3 Players Forward 
   Forward                                           Time % Phy DF OF 
 1 Martin Necas                                      55     1   4  0  
 2 Theodor Blueger                                   45     1   4  0  

Penalty Kill - 3 Players Defense
   Defense                  Defense                  Time % Phy DF OF 
 1 Cody Ceci                Nick Jensen              55     1   4  0  
 2 Scott Mayfield           Joshua Morrissey         45     1   4  0  

4 vs 4 Forward 
   Center                   Wing                     Time % Phy DF OF 
 1 Troy Terry               Mikko Rantanen           55     1   2  2  
 2 Mathew Barzal            Mitchell Marner          45     1   2  2  

4 vs 4 Defense
   Defense                  Defense                  Time % Phy DF OF 
 1 Michael Del Zotto        Cody Ceci                55     1   2  2  
 2 Nick Jensen              Scott Mayfield           45     1   2  2  

Last Minutes Offensive
   Center                   Left Wing                Right Wing               Defense                  Defense                  
   Mathew Barzal            Mikko Rantanen           Mitchell Marner          Joshua Morrissey         Michael Del Zotto        

Last Minutes Defensive
   Center                   Left Wing                Right Wing               Defense                  Defense                  
   Mathew Barzal            Mikko Rantanen           Mitchell Marner          Joshua Morrissey         Michael Del Zotto        

Goaltenders
Starting : Juuse Saros              
Backup : Anthony Stolarz          

Extra Forwards
Normal : Martin Necas, Brian Boyle, Dylan Cozens - PP : Martin Necas, Theodor Blueger - PK : Mitchell Marner
Extra Defensemen
Normal : Cody Ceci, Nick Jensen, Scott Mayfield - PP : Nick Jensen - PK : Cody Ceci, Michael Del Zotto
Penalty Shots
Mikko Rantanen, Mitchell Marner, Martin Necas, Troy Terry, Mathew Barzal
Custom OT Lines Forwards
Martin Necas, Mitchell Marner, Mikko Rantanen, Troy Terry, Mathew Barzal, Filip Chytil, Evgeny Dadonov, Dylan Cozens, Theodor Blueger, Brian Boyle
Custom OT Lines Defensemen
Joshua Morrissey, Michael Del Zotto, Nick Jensen, Cody Ceci, Scott Mayfield

Scratches
Dylan Larkin (Dislocated Patella Injury)

NORTH DAKOTA HAWKS

5 vs 5 Forward 
   Center                   Left Wing                Right Wing               Time % Phy DF OF 
 1 Nazem Kadri              Jason Robertson          Patrick Kane             32     0   0  5  
 2 Nick Suzuki              Alex Killorn             Jordan Kyrou             30     0   0  5  
 3 Nic Dowd                 Jake DeBrusk             Reyley Smith             24     0   2  3  
 4 Justin Danforth          Dillon Dube              Frank Vatrano            14     0   4  1  

5 vs 5 Defense 
   Defense                  Defense                                           Time % Phy DF OF 
 1 Ryan Lindgren            Cale Makar                                        37     0   2  3  
 2 Marc Staal               Mathew Dumba                                      35     0   5  0  
 3 Nick Holden              Erik Johnson                                      18     0   5  0  
 4 Nick Holden              Erik Johnson                                      10     0   5  0  

PowerPlay Forward 
   Center                   Left Wing                Right Wing               Time % Phy DF OF 
 1 Nazem Kadri              Jason Robertson          Patrick Kane             60     0   0  5  
 2 Nick Suzuki              Alex Killorn             Jordan Kyrou             40     0   0  5  

PowerPlay Defense
   Defense                  Defense                                           Time % Phy DF OF 
 1 Cale Makar               Reyley Smith                                      60     0   0  5  
 2 Mathew Dumba             Jake DeBrusk                                      40     0   0  5  

Penalty Kill 4 Players Forward 
   Center                   Wing                     Time % Phy DF OF 
 1 Nic Dowd                 Jake DeBrusk             70     0   5  0  
 2 Nazem Kadri              Reyley Smith             30     0   5  0  

Penalty Kill 4 Players Defense
   Defense                  Defense                  Time % Phy DF OF 
 1 Nick Holden              Erik Johnson             70     0   5  0  
 2 Marc Staal               Mathew Dumba             30     0   5  0  

Penalty Kill - 3 Players Forward 
   Forward                                           Time % Phy DF OF 
 1 Nic Dowd                                          70     0   5  0  
 2 Nazem Kadri                                       30     0   5  0  

Penalty Kill - 3 Players Defense
   Defense                  Defense                  Time % Phy DF OF 
 1 Nick Holden              Erik Johnson             70     0   5  0  
 2 Marc Staal               Mathew Dumba             30     0   5  0  

4 vs 4 Forward 
   Center                   Wing                     Time % Phy DF OF 
 1 Nazem Kadri              Jason Robertson          55     0   0  5  
 2 Nick Suzuki              Jordan Kyrou             45     0   0  5  

4 vs 4 Defense
   Defense                  Defense                  Time % Phy DF OF 
 1 Ryan Lindgren            Cale Makar               55     0   1  4  
 2 Nick Holden              Mathew Dumba             45     0   1  4  

Last Minutes Offensive
   Center                   Left Wing                Right Wing               Defense                  Defense                  
   Nazem Kadri              Jason Robertson          Jordan Kyrou             Patrick Kane             Cale Makar               

Last Minutes Defensive
   Center                   Left Wing                Right Wing               Defense                  Defense                  
   Nazem Kadri              Jason Robertson          Nic Dowd                 Ryan Lindgren            Cale Makar               

Goaltenders
Starting : Carter Hart              
Backup : Pavel Francouz           

Extra Forwards
Normal : Dillon Dube, Frank Vatrano, Justin Danforth - PP : Frank Vatrano, Dillon Dube - PK : Dillon Dube
Extra Defensemen
Normal : Ryan Lindgren, Marc Staal, Erik Johnson - PP : Erik Johnson - PK : Ryan Lindgren, Cale Makar
Penalty Shots
Nazem Kadri, Jason Robertson, Nick Suzuki, Patrick Kane, Jordan Kyrou
Custom OT Lines Forwards
Nazem Kadri, Patrick Kane, Jason Robertson, Nick Suzuki, Jordan Kyrou, Alex Killorn, Reyley Smith, Jake DeBrusk, Frank Vatrano, Dillon Dube
Custom OT Lines Defensemen
Cale Makar, Mathew Dumba, Erik Johnson, Nick Holden, Ryan Lindgren

Scratches
Connor Clifton (Healthy), Connor Dewar (Healthy), Jack Hughes (Back Injury), Josh Manson (Healthy)

% Time on Ice - SALEM BLACK JAYS

Lines # - Real PCT - Wanted PCT - Time Play
Normal Forward
1 - 30% - 33% - 14:44
2 - 26% - 32% - 13:00
3 - 26% - 25% - 12:51
4 - 19% - 10% - 9:16
Normal Defense
1 - 31% - 36% - 15:32
2 - 36% - 31% - 18:03
3 - 29% - 23% - 14:39
4 - 3% - 10% - 1:37
PP Forward
1 - 57% - 55% - 3:25
2 - 43% - 45% - 2:32
PP Defense
1 - 59% - 55% - 3:30
2 - 41% - 45% - 2:27
PK Forward
1 - 65% - 55% - 2:43
2 - 35% - 45% - 1:29
PK Defense
1 - 35% - 55% - 1:27
2 - 65% - 45% - 2:45
PK3 Forward
1 - 0% - 55%
2 - 0% - 45%
PK3 Defense
1 - 0% - 55%
2 - 0% - 45%
44 Forward
1 - 0% - 55%
2 - 0% - 45%
44 Defense
1 - 0% - 55%
2 - 0% - 45%
Last Minute Offensive  - 0:00
Last Minute Defensive  - 0:00
Total
Forward - 60:00
Defense - 60:00

% Time on Ice - NORTH DAKOTA HAWKS

Lines # - Real PCT - Wanted PCT - Time Play
Normal Forward
1 - 33% - 32% - 16:19
2 - 30% - 30% - 15:00
3 - 25% - 24% - 12:13
4 - 13% - 14% - 6:19
Normal Defense
1 - 37% - 37% - 18:23
2 - 36% - 35% - 17:44
3 - 19% - 18% - 9:31
4 - 8% - 10% - 4:13
PP Forward
1 - 56% - 60% - 2:22
2 - 44% - 40% - 1:50
PP Defense
1 - 61% - 60% - 2:34
2 - 39% - 40% - 1:38
PK Forward
1 - 94% - 70% - 5:34
2 - 6% - 30% - 0:23
PK Defense
1 - 59% - 70% - 3:30
2 - 41% - 30% - 2:27
PK3 Forward
1 - 0% - 70%
2 - 0% - 30%
PK3 Defense
1 - 0% - 70%
2 - 0% - 30%
44 Forward
1 - 0% - 55%
2 - 0% - 45%
44 Defense
1 - 0% - 55%
2 - 0% - 45%
Last Minute Offensive  - 0:00
Last Minute Defensive  - 0:00
Total
Forward - 60:00
Defense - 60:00

Play-by-Play

1st period


0:01 of 1st period - Nazem Kadri wins face-off versus Mathew Barzal in neutral zone.
0:07 of 1st period - Icing by Nick Jensen.
0:08 of 1st period - Nick Suzuki wins face-off versus Mathew Barzal in SALEM BLACK JAYS zone.
0:19 of 1st period - Shot by Mathew Barzal.
0:19 of 1st period - Stopped by Carter Hart with a rebound.
0:36 of 1st period - Shot by Evgeny Dadonov.
0:36 of 1st period - Deflect By Mikko Rantanen.
0:36 of 1st period - Stopped by Carter Hart without a rebound.
0:37 of 1st period - Nic Dowd wins face-off versus Mitchell Marner in NORTH DAKOTA HAWKS zone.
1:10 of 1st period - Shot by Troy Terry.
1:10 of 1st period - Shot Blocked by Erik Johnson.
1:54 of 1st period - Shot by Daniel Sprong.
1:54 of 1st period - Stopped by Carter Hart without a rebound.
1:55 of 1st period - Nazem Kadri wins face-off versus Dylan Cozens in NORTH DAKOTA HAWKS zone.
2:00 of 1st period - Shot by Jason Robertson.
2:00 of 1st period - Goal by Jason Robertson - SALEM BLACK JAYS : 0 - NORTH DAKOTA HAWKS : 1.
2:01 of 1st period - Dylan Cozens wins face-off versus Dillon Dube in neutral zone.
2:30 of 1st period - Shot by Cale Makar.
2:30 of 1st period - Shot Misses the Net.
2:32 of 1st period - Shot by Ryan Lindgren.
2:32 of 1st period - Shot Misses the Net.
2:34 of 1st period - Shot by Cale Makar.
2:34 of 1st period - Shot Misses the Net.
2:40 of 1st period - Shot by Frank Vatrano.
2:40 of 1st period - Stopped by Juuse Saros with a rebound.
2:42 of 1st period - Shot by Cale Makar.
2:42 of 1st period - Shot Blocked by Nick Jensen.
2:58 of 1st period - Shot by Nazem Kadri.
2:58 of 1st period - Stopped by Juuse Saros without a rebound.
2:59 of 1st period - Mathew Barzal wins face-off versus Nick Suzuki in SALEM BLACK JAYS zone.
3:12 of 1st period - Shot by Alex Killorn.
3:12 of 1st period - Shot Misses the Net.
3:27 of 1st period - Minor Penalty to Michael Del Zotto for Hooking.
3:28 of 1st period - Nazem Kadri wins face-off versus Brian Boyle in SALEM BLACK JAYS zone.
3:37 of 1st period - Shot by Cale Makar.
3:37 of 1st period - Stopped by Juuse Saros without a rebound.
3:38 of 1st period - Nazem Kadri wins face-off versus Martin Necas in SALEM BLACK JAYS zone.
3:55 of 1st period - Shot by Nazem Kadri.
3:55 of 1st period - Stopped by Juuse Saros with a rebound.
4:01 of 1st period - Shot by Nazem Kadri.
4:01 of 1st period - Shot Misses the Net.
4:35 of 1st period - Joshua Morrissey is hit by Jason Robertson and loses puck.
5:18 of 1st period - Shot by Nick Suzuki.
5:18 of 1st period - Stopped by Juuse Saros without a rebound.
5:19 of 1st period - Nick Suzuki wins face-off versus Brian Boyle in SALEM BLACK JAYS zone.
5:22 of 1st period - Shot by Alex Killorn.
5:22 of 1st period - Shot Misses the Net.
5:24 of 1st period - Shot by Mathew Dumba.
5:24 of 1st period - Stopped by Juuse Saros without a rebound.
5:25 of 1st period - Brian Boyle wins face-off versus Jason Robertson in SALEM BLACK JAYS zone.
5:44 of 1st period - Shot by Dylan Cozens.
5:44 of 1st period - Shot Blocked by Nick Holden.
5:51 of 1st period - Minor Penalty to Erik Johnson for Hooking.
5:52 of 1st period - Mathew Barzal wins face-off versus Nic Dowd in NORTH DAKOTA HAWKS zone.
6:01 of 1st period - Mathew Dumba is hit by Mathew Barzal and loses puck.
6:26 of 1st period - Shot by Troy Terry.
6:26 of 1st period - Shot Misses the Net.
7:37 of 1st period - Shot by Evgeny Dadonov.
7:37 of 1st period - Stopped by Carter Hart without a rebound.
7:38 of 1st period - Martin Necas wins face-off versus Jake DeBrusk in NORTH DAKOTA HAWKS zone.
8:12 of 1st period - Icing by Cale Makar.
8:13 of 1st period - Nazem Kadri wins face-off versus Theodor Blueger in NORTH DAKOTA HAWKS zone.
8:23 of 1st period - Martin Necas is hit by Patrick Kane.
8:41 of 1st period - Shot by Jason Robertson.
8:41 of 1st period - Shot Blocked by Michael Del Zotto.
9:16 of 1st period - Shot by Jordan Kyrou.
9:16 of 1st period - Stopped by Juuse Saros without a rebound.
9:17 of 1st period - Nic Dowd wins face-off versus Troy Terry in SALEM BLACK JAYS zone.
9:19 of 1st period - Reyley Smith is hit by Cody Ceci.
9:23 of 1st period - Shot by Reyley Smith.
9:23 of 1st period - Shot Misses the Net.
9:47 of 1st period - Mitchell Marner is hit by Nic Dowd and loses puck.
9:58 of 1st period - Shot by Jake DeBrusk.
9:58 of 1st period - Stopped by Juuse Saros without a rebound.
9:59 of 1st period - Nazem Kadri wins face-off versus Mathew Barzal in SALEM BLACK JAYS zone.
10:04 of 1st period - Shot by Nazem Kadri.
10:04 of 1st period - Stopped by Juuse Saros without a rebound.
10:05 of 1st period - Mathew Barzal wins face-off versus Nazem Kadri in SALEM BLACK JAYS zone.
11:30 of 1st period - Shot by Nick Suzuki.
11:30 of 1st period - Shot Misses the Net.
11:34 of 1st period - Shot by Jordan Kyrou.
11:34 of 1st period - Shot Misses the Net.
11:48 of 1st period - Shot by Jordan Kyrou.
11:48 of 1st period - Stopped by Juuse Saros without a rebound.
11:49 of 1st period - Nic Dowd wins face-off versus Troy Terry in SALEM BLACK JAYS zone.
12:06 of 1st period - Shot by Nic Dowd.
12:06 of 1st period - Shot Misses the Net.
12:12 of 1st period - Shot by Reyley Smith.
12:12 of 1st period - Stopped by Juuse Saros without a rebound.
12:13 of 1st period - Nick Suzuki wins face-off versus Mathew Barzal in SALEM BLACK JAYS zone.
12:13 of 1st period - Alex Killorn is hit by Joshua Morrissey and loses puck.
12:39 of 1st period - Icing by Nick Jensen.
12:40 of 1st period - Nazem Kadri wins face-off versus Mathew Barzal in SALEM BLACK JAYS zone.
13:03 of 1st period - Shot by Nazem Kadri.
13:03 of 1st period - Stopped by Juuse Saros without a rebound.
13:04 of 1st period - Alex Killorn wins face-off versus Troy Terry in SALEM BLACK JAYS zone.
13:21 of 1st period - Shot by Troy Terry.
13:21 of 1st period - Shot Hit the Post.
13:45 of 1st period - Shot by Troy Terry.
13:45 of 1st period - Shot Misses the Net.
14:21 of 1st period - Shot by Daniel Sprong.
14:21 of 1st period - Stopped by Carter Hart without a rebound.
14:22 of 1st period - Nazem Kadri wins face-off versus Mathew Barzal in NORTH DAKOTA HAWKS zone.
14:39 of 1st period - Shot by Mikko Rantanen.
14:39 of 1st period - Stopped by Carter Hart without a rebound.
14:40 of 1st period - Dylan Cozens wins face-off versus Nic Dowd in NORTH DAKOTA HAWKS zone.
15:00 of 1st period - Shot by Reyley Smith.
15:00 of 1st period - Goal by Reyley Smith - SALEM BLACK JAYS : 0 - NORTH DAKOTA HAWKS : 2.
15:01 of 1st period - Nazem Kadri wins face-off versus Mikko Rantanen in neutral zone.
15:07 of 1st period - Patrick Kane is hit by Nick Jensen and loses puck.
15:25 of 1st period - Minor Penalty to Joshua Morrissey for Hooking.
15:26 of 1st period - Brian Boyle wins face-off versus Nick Suzuki in SALEM BLACK JAYS zone.
15:39 of 1st period - Shot by Alex Killorn.
15:39 of 1st period - Goal by Alex Killorn - SALEM BLACK JAYS : 0 - NORTH DAKOTA HAWKS : 3.
15:40 of 1st period - Nazem Kadri wins face-off versus Mathew Barzal in neutral zone.
15:47 of 1st period - Shot by Nazem Kadri.
15:47 of 1st period - Deflect By Patrick Kane.
15:47 of 1st period - Shot Misses the Net.
15:49 of 1st period - Shot by Jason Robertson.
15:49 of 1st period - Stopped by Juuse Saros without a rebound.
15:50 of 1st period - Nic Dowd wins face-off versus Troy Terry in SALEM BLACK JAYS zone.
16:57 of 1st period - Shot by Jordan Kyrou.
16:57 of 1st period - Deflect By Alex Killorn.
16:57 of 1st period - Shot Misses the Net.
17:05 of 1st period - Shot by Alex Killorn.
17:05 of 1st period - Shot Misses the Net.
17:07 of 1st period - Shot by Alex Killorn.
17:07 of 1st period - Shot Misses the Net.
17:09 of 1st period - Shot by Alex Killorn.
17:09 of 1st period - Shot Misses the Net.
17:15 of 1st period - Shot by Alex Killorn.
17:15 of 1st period - Stopped by Juuse Saros without a rebound.
17:16 of 1st period - Nazem Kadri wins face-off versus Theodor Blueger in SALEM BLACK JAYS zone.
17:30 of 1st period - Minor Penalty to Jason Robertson for Tripping.
17:31 of 1st period - Jake DeBrusk wins face-off versus Mathew Barzal in NORTH DAKOTA HAWKS zone.
18:56 of 1st period - Shot by Theodor Blueger.
18:56 of 1st period - Shot Blocked by Erik Johnson.
19:35 of 1st period - Off-side.
19:36 of 1st period - Dylan Cozens wins face-off versus Nazem Kadri in neutral zone.
Goals for this period are 0 for SALEM BLACK JAYS vs 3 for NORTH DAKOTA HAWKS.
Shots for this period are 6 for SALEM BLACK JAYS vs 17 for NORTH DAKOTA HAWKS.

2nd period


0:01 of 2nd period - Nick Suzuki wins face-off versus Mathew Barzal in neutral zone.
0:15 of 2nd period - Shot by Mathew Barzal.
0:15 of 2nd period - Shot Misses the Net.
0:17 of 2nd period - Shot by Cody Ceci.
0:17 of 2nd period - Shot Misses the Net.
0:19 of 2nd period - Shot by Evgeny Dadonov.
0:19 of 2nd period - Stopped by Carter Hart without a rebound.
0:20 of 2nd period - Theodor Blueger wins face-off versus Justin Danforth in NORTH DAKOTA HAWKS zone.
0:50 of 2nd period - Dillon Dube is hit by Martin Necas and loses puck.
1:24 of 2nd period - Icing by Mathew Dumba.
1:25 of 2nd period - Mathew Barzal wins face-off versus Nazem Kadri in NORTH DAKOTA HAWKS zone.
1:48 of 2nd period - Shot by Evgeny Dadonov.
1:48 of 2nd period - Stopped by Carter Hart with a rebound.
2:22 of 2nd period - Icing by Marc Staal.
2:23 of 2nd period - Nazem Kadri wins face-off versus Troy Terry in NORTH DAKOTA HAWKS zone.
2:30 of 2nd period - Mitchell Marner is hit by Nazem Kadri.
3:24 of 2nd period - Shot by Martin Necas.
3:24 of 2nd period - Stopped by Carter Hart without a rebound.
3:25 of 2nd period - Nick Suzuki wins face-off versus Mathew Barzal in NORTH DAKOTA HAWKS zone.
4:08 of 2nd period - Shot by Jordan Kyrou.
4:08 of 2nd period - Shot Misses the Net.
4:42 of 2nd period - Scott Mayfield is hit by Nic Dowd and loses puck.
5:00 of 2nd period - Martin Necas is hit by Nick Holden and loses puck.
6:19 of 2nd period - Icing by Ryan Lindgren.
6:20 of 2nd period - Dylan Cozens wins face-off versus Nick Suzuki in NORTH DAKOTA HAWKS zone.
6:20 of 2nd period - Filip Chytil is hit by Ryan Lindgren and loses puck.
8:00 of 2nd period - Shot by Mikko Rantanen.
8:00 of 2nd period - Shot Hit the Post.
8:27 of 2nd period - Icing by Ryan Lindgren.
8:28 of 2nd period - Nazem Kadri wins face-off versus Troy Terry in NORTH DAKOTA HAWKS zone.
8:32 of 2nd period - Icing by Nazem Kadri.
8:33 of 2nd period - Nazem Kadri wins face-off versus Troy Terry in NORTH DAKOTA HAWKS zone.
8:33 of 2nd period - Nazem Kadri is hit by Troy Terry.
8:38 of 2nd period - Cale Makar is hit by Scott Mayfield and loses puck.
9:08 of 2nd period - Jason Robertson is hit by Cody Ceci and loses puck.
9:26 of 2nd period - Alex Killorn is hit by Scott Mayfield and loses puck.
9:38 of 2nd period - Alex Killorn is hit by Cody Ceci and loses puck.
9:41 of 2nd period - Shot by Erik Johnson.
9:41 of 2nd period - Shot Misses the Net.
9:43 of 2nd period - Shot by Erik Johnson.
9:43 of 2nd period - Shot Misses the Net.
9:45 of 2nd period - Shot by Alex Killorn.
9:45 of 2nd period - Stopped by Juuse Saros without a rebound.
9:46 of 2nd period - Nic Dowd wins face-off versus Mathew Barzal in SALEM BLACK JAYS zone.
10:06 of 2nd period - Icing by Nick Jensen.
10:07 of 2nd period - Nazem Kadri wins face-off versus Mathew Barzal in SALEM BLACK JAYS zone.
11:35 of 2nd period - Nick Suzuki is hit by Michael Del Zotto and loses puck.
12:10 of 2nd period - Icing by Jordan Kyrou.
12:11 of 2nd period - Nick Suzuki wins face-off versus Troy Terry in NORTH DAKOTA HAWKS zone.
12:11 of 2nd period - Nick Suzuki is hit by Brian Boyle.
12:52 of 2nd period - Shot by Reyley Smith.
12:52 of 2nd period - Stopped by Juuse Saros without a rebound.
12:53 of 2nd period - Mathew Barzal wins face-off versus Justin Danforth in SALEM BLACK JAYS zone.
13:03 of 2nd period - Justin Danforth is hit by Joshua Morrissey and loses puck.
13:08 of 2nd period - Shot by Frank Vatrano.
13:08 of 2nd period - Shot Misses the Net.
13:10 of 2nd period - Shot by Justin Danforth.
13:10 of 2nd period - Shot Misses the Net.
13:22 of 2nd period - Shot by Frank Vatrano.
13:22 of 2nd period - Stopped by Juuse Saros without a rebound.
13:23 of 2nd period - Nic Dowd wins face-off versus Dylan Cozens in SALEM BLACK JAYS zone.
13:53 of 2nd period - Jake DeBrusk is hit by Filip Chytil and loses puck.
14:04 of 2nd period - Shot by Jake DeBrusk.
14:04 of 2nd period - Stopped by Juuse Saros without a rebound.
14:05 of 2nd period - Nazem Kadri wins face-off versus Troy Terry in SALEM BLACK JAYS zone.
14:38 of 2nd period - Shot by Nazem Kadri.
14:38 of 2nd period - Shot Blocked by Nick Jensen.
15:12 of 2nd period - Icing by Mathew Dumba.
15:13 of 2nd period - Theodor Blueger wins face-off versus Nazem Kadri in NORTH DAKOTA HAWKS zone.
15:36 of 2nd period - Shot by Martin Necas.
15:36 of 2nd period - Shot Misses the Net.
16:29 of 2nd period - Shot by Evgeny Dadonov.
16:29 of 2nd period - Shot Misses the Net.
16:31 of 2nd period - Shot by Evgeny Dadonov.
16:31 of 2nd period - Stopped by Carter Hart with a rebound.
16:33 of 2nd period - Shot by Mikko Rantanen.
16:33 of 2nd period - Stopped by Carter Hart with a rebound.
16:35 of 2nd period - Shot by Evgeny Dadonov.
16:35 of 2nd period - Shot Misses the Net.
16:57 of 2nd period - Shot by Mikko Rantanen.
16:57 of 2nd period - Stopped by Carter Hart without a rebound.
16:58 of 2nd period - Dylan Cozens wins face-off versus Nic Dowd in NORTH DAKOTA HAWKS zone.
17:36 of 2nd period - Icing by Joshua Morrissey.
17:37 of 2nd period - Dylan Cozens wins face-off versus Justin Danforth in SALEM BLACK JAYS zone.
18:18 of 2nd period - Icing by Cale Makar.
18:19 of 2nd period - Justin Danforth wins face-off versus Mathew Barzal in NORTH DAKOTA HAWKS zone.
19:27 of 2nd period - Off-side.
19:28 of 2nd period - Nazem Kadri wins face-off versus Troy Terry in neutral zone.
19:37 of 2nd period - Shot by Mitchell Marner.
19:37 of 2nd period - Stopped by Carter Hart without a rebound.
19:38 of 2nd period - Theodor Blueger wins face-off versus Nic Dowd in NORTH DAKOTA HAWKS zone.
19:51 of 2nd period - Shot by Theodor Blueger.
19:51 of 2nd period - Shot Misses the Net.
Goals for this period are 0 for SALEM BLACK JAYS vs 0 for NORTH DAKOTA HAWKS.
Shots for this period are 7 for SALEM BLACK JAYS vs 4 for NORTH DAKOTA HAWKS.

3rd period


0:01 of 3rd period - Nick Suzuki wins face-off versus Troy Terry in neutral zone.
0:32 of 3rd period - Shot by Mitchell Marner.
0:32 of 3rd period - Stopped by Carter Hart with a rebound.
0:34 of 3rd period - Shot by Mitchell Marner.
0:34 of 3rd period - Shot Misses the Net.
0:36 of 3rd period - Shot by Nick Jensen.
0:36 of 3rd period - Shot Misses the Net.
0:38 of 3rd period - Shot by Troy Terry.
0:38 of 3rd period - Stopped by Carter Hart with a rebound.
0:49 of 3rd period - Icing by Alex Killorn.
0:50 of 3rd period - Mathew Barzal wins face-off versus Nick Suzuki in NORTH DAKOTA HAWKS zone.
0:52 of 3rd period - Mikko Rantanen is hit by Marc Staal and loses puck.
1:08 of 3rd period - Off-side.
1:09 of 3rd period - Nic Dowd wins face-off versus Theodor Blueger in neutral zone.
1:15 of 3rd period - Jake DeBrusk is hit by Michael Del Zotto and loses puck.
2:24 of 3rd period - Mathew Barzal is hit by Erik Johnson and loses puck.
2:33 of 3rd period - Shot by Mikko Rantanen.
2:33 of 3rd period - Stopped by Carter Hart without a rebound.
2:34 of 3rd period - Justin Danforth wins face-off versus Troy Terry in NORTH DAKOTA HAWKS zone.
2:47 of 3rd period - Shot by Dillon Dube.
2:47 of 3rd period - Deflect By Justin Danforth.
2:47 of 3rd period - Shot Blocked by Cody Ceci.
2:49 of 3rd period - Shot by Mathew Dumba.
2:49 of 3rd period - Shot Blocked by Cody Ceci.
3:53 of 3rd period - Minor Penalty to Patrick Kane for Cross-checking.
3:54 of 3rd period - Mathew Barzal wins face-off versus Nic Dowd in NORTH DAKOTA HAWKS zone.
6:03 of 3rd period - Shot by Theodor Blueger.
6:03 of 3rd period - Stopped by Carter Hart without a rebound.
6:04 of 3rd period - Dylan Cozens wins face-off versus Nazem Kadri in NORTH DAKOTA HAWKS zone.
6:08 of 3rd period - Shot by Matt Benning.
6:08 of 3rd period - Shot Blocked by Ryan Lindgren.
6:54 of 3rd period - Matt Benning is hit by Jason Robertson.
7:15 of 3rd period - Nick Suzuki is hit by Cody Ceci and loses puck.
7:26 of 3rd period - Shot by Alex Killorn.
7:26 of 3rd period - Shot Misses the Net.
8:15 of 3rd period - Minor Penalty to Scott Mayfield for Hooking.
8:16 of 3rd period - Nazem Kadri wins face-off versus Brian Boyle in SALEM BLACK JAYS zone.
8:17 of 3rd period - Shot by Jake DeBrusk.
8:17 of 3rd period - Stopped by Juuse Saros without a rebound.
8:18 of 3rd period - Brian Boyle wins face-off versus Nazem Kadri in SALEM BLACK JAYS zone.
10:21 of 3rd period - Justin Danforth is hit by Michael Del Zotto and loses puck.
10:43 of 3rd period - Dillon Dube is hit by Michael Del Zotto and loses puck.
10:46 of 3rd period - Shot by Frank Vatrano.
10:46 of 3rd period - Stopped by Juuse Saros with a rebound.
11:25 of 3rd period - Off-side.
11:26 of 3rd period - Theodor Blueger wins face-off versus Nick Suzuki in neutral zone.
11:59 of 3rd period - Icing by Cody Ceci.
12:00 of 3rd period - Theodor Blueger wins face-off versus Nic Dowd in SALEM BLACK JAYS zone.
13:25 of 3rd period - Troy Terry is hit by Jason Robertson and loses puck.
13:37 of 3rd period - Icing by Nick Jensen.
13:38 of 3rd period - Troy Terry wins face-off versus Nick Suzuki in SALEM BLACK JAYS zone.
13:51 of 3rd period - Shot by Troy Terry.
13:51 of 3rd period - Shot Blocked by Ryan Lindgren.
14:17 of 3rd period - Mikko Rantanen is hit by Jordan Kyrou and loses puck.
14:46 of 3rd period - Nazem Kadri is hit by Urho Vaakanainen and loses puck.
14:50 of 3rd period - Icing by Michael Del Zotto.
14:51 of 3rd period - Nic Dowd wins face-off versus Mathew Barzal in SALEM BLACK JAYS zone.
14:53 of 3rd period - Reyley Smith is hit by Michael Del Zotto and loses puck.
15:17 of 3rd period - Shot by Dylan Cozens.
15:17 of 3rd period - Shot Blocked by Nick Holden.
16:10 of 3rd period - Shot by Jason Robertson.
16:10 of 3rd period - Shot Misses the Net.
17:04 of 3rd period - Shot by Mitchell Marner.
17:04 of 3rd period - Shot Misses the Net.
17:34 of 3rd period - Shot by Nick Suzuki.
17:34 of 3rd period - Shot Blocked by Michael Del Zotto.
17:47 of 3rd period - Mikko Rantanen is hit by Ryan Lindgren and loses puck.
18:07 of 3rd period - Evgeny Dadonov is hit by Ryan Lindgren and loses puck.
Goals for this period are 0 for SALEM BLACK JAYS vs 0 for NORTH DAKOTA HAWKS.
Shots for this period are 4 for SALEM BLACK JAYS vs 2 for NORTH DAKOTA HAWKS.


CAMERON
TALBOT
ROBERT
THOMAS
JOSHUA
MORRISSEY

EAST COAST

HOCKEY LEAGUE

  • 5.MAN2PIT5
  • 6.NHW2ATL6
  • 7.PET2WOR3
  • 8.RHI15
  • 9.CHIQUE
  • 10.LIMCHA
  • 11.LONTRV
  • 12.BALCHW